 Dungeon Crawl Stone Soup version 0.21.1-1-g345015f (webtiles) character file.

223 Zhenya24pyc the Skirmisher (level 6, 0/39 HPs)
             Began as a Gargoyle Fighter on Feb 7, 2018.
             Slain by a bullfrog skeleton (3 damage)
             ... on level 4 of the Dungeon.
             The game lasted 00:04:04 (1846 turns).

Zhenya24pyc the Skirmisher (Gargoyle Fighter)       Turns: 1846, Time: 00:04:05

Health: 0/39       AC: 11    Str: 22    XL:     6   Next: 0%
Magic:  6/6        EV:  8    Int:  8    God:
Gold:   123        SH:  9    Dex:  9    Spells: 5/5 levels left

rFire    . . .     SeeInvis .   a - +0 flail
rCold    . . .     Gourm    .   c - +0 shield
rNeg     + . .     Faith    .   b - +0 scale mail
rPois    ∞         Spirit   .   (no helmet)
rElec    +         Reflect  .   (no cloak)
rCorr    .         Harm     .   (no gloves)
MR       .....                  (no boots)
Stlth    ..........             (no amulet)
HPRegen  0.13/turn              (no ring)
MPRegen  0.10/turn              (no ring)

@: no status effects
A: negative energy resistance 1, electricity resistance, unbreathing,
petrification resistance, rot immunity, AC +4
a: no special abilities


You were on level 4 of the Dungeon.
You were not hungry.

You visited 1 branch of the dungeon, and saw 4 of its levels.

You collected 123 gold pieces.

Inventory:

Hand Weapons
 a - a +0 flail (weapon)
Armour
 b - a +0 scale mail (worn)
 c - a +0 shield (worn)
Jewellery
 g - a +4 amulet of reflection {unknown}
Scrolls
 e - 11 scrolls of identify {unknown}
 h - a scroll of enchant weapon {unknown}
 k - 2 scrolls of teleportation {unknown}
 l - a scroll of enchant armour {unknown}
 m - 4 scrolls of remove curse {unknown}
 n - a scroll of immolation {unknown}
 q - 3 scrolls of fog {unknown}
Potions
 d - a potion of might
 i - 2 potions of degeneration {unknown}
 j - 2 potions of agility {unknown}
 o - a potion of haste {unknown}
 p - a potion of ambrosia {unknown}
Comestibles
 f - 11 rations
 r - 7 chunks of flesh


   Skills:
 + Level 4.6 Fighting
 * Level 4.3 Maces & Flails
 - Level 3.2 Armour
 + Level 2.0 Dodging
 - Level 3.2 Shields


You had 5 spell levels left.
You didn't know any spells.

Dungeon Overview and Level Annotations

Branches:
Dungeon (4/15)
 Temple: D:4-7

Altars:
Gozag
Zin


Innate Abilities, Weirdness & Mutations

You are resistant to torment.
Your stone body is resilient. (AC +4)
You are immune to poison.
You resist negative energy. (rN+)
You are resistant to electric shocks. (rElec)
You can survive without breathing.
You are immune to petrification.
You are immune to rotting.


Message History

You are too injured to fight recklessly!
You are too injured to fight recklessly!
You are too injured to fight recklessly!
You are too injured to fight recklessly!
You are too injured to fight recklessly!
You are too injured to fight recklessly!
You are too injured to fight recklessly!
You are too injured to fight recklessly!
You are too injured to fight recklessly!
You are too injured to fight recklessly!
You are too injured to fight recklessly!
You are too injured to fight recklessly!
You are too injured to fight recklessly!
You are too injured to fight recklessly!
You are too injured to fight recklessly!
You are too injured to fight recklessly!
You hit the ogre but do no damage.
The ogre is lightly wounded.
The bullfrog skeleton hits you.
You die...

.. #. .. #. #.
##.#####..#
#.OZ....... #@#
#.# #.# #.# #.#
.# #.# ..#
#.#######..#
###.##.......#
#...##.......####


You could see an ogre and a bullfrog skeleton.

Vanquished Creatures
  A worker ant (D:4)
  4 gnolls
  5 adders
  2 oozes
  5 worms
  2 dart slugs
  6 orcs
  6 bats
  4 giant cockroaches
  15 goblins
  8 hobgoblins
  6 jackals (D:2)
  6 kobolds
  7 frilled lizards
  9 rats
86 creatures vanquished.

Notes
Turn   | Place    | Note
-------+----------+-------------------------------------------
     0 | D:1      | Zhenya24pyc the Gargoyle Fighter began the quest for the Orb.
     0 | D:1      | Reached XP level 1. HP: 14/14 MP: 1/1
    79 | D:1      | Reached XP level 2. HP: 18/19 MP: 2/2
   222 | D:1      | Reached XP level 3. HP: 24/24 MP: 3/3
   684 | D:2      | Reached XP level 4. HP: 29/29 MP: 4/4
   779 | D:2      | Found a glowing silver altar of Zin.
   780 | D:2      | Found an opulent altar of Gozag.
   816 | D:2      | Reached skill level 1 in Dodging
  1121 | D:3      | Reached XP level 5. HP: 30/33 MP: 5/5
  1806 | D:4      | Reached XP level 6. HP: 39/39 MP: 6/6
  1846 | D:4      | Slain by a bullfrog skeleton

Skill      XL: |  1  2  3  4  5 |
---------------+----------------+-----
Maces & Flails | 3 4 |  4.3
Fighting       | 4 |  4.6
Dodging        | 1 2 |  2.0
Armour         | |  3.2
Shields        | |  3.2

Action                   |  1- 3 |  4- 6 || total
-------------------------+-------+-------++-------
Melee: Flail             |   136 |   176 ||   312
  Eat: Chunk             |       |     4 ||     4
Armor: Scale mail        |    74 |    86 ||   160
Dodge: Dodged            |    46 |    61 ||   107
Block: Shield            |    70 |    92 ||   162
